 Dungeon Crawl Stone Soup version 0.26-a0-854-gdc81c2f471 (webtiles) character file.

Game seed: 11197730022252741133

227 Gezukamaru the Cudgeller (level 5, -1/48 HPs)
             Began as a Minotaur Berserker on Nov 22, 2020.
             Was a Believer of Trog.
             Killed by divine providence
             ... invoked by an orc priest
              (17 damage)
             ... on level 3 of the Dungeon.
             The game lasted 00:04:40 (2995 turns).

Gezukamaru the Cudgeller (Minotaur Berserker)       Turns: 2995, Time: 00:04:41

Health: -1/48      AC:  9    Str: 23    XL:     5   Next: 70%
Magic:  4/4        EV:  9    Int:  4    God:    Trog [**....]
Gold:   88         SH:  0    Dex:  9    Spells: 4/4 levels left

rFire    . . .     SeeInvis .   q - +1 flail (vorpal)
rCold    . . .     Faith    .   (no shield)
rNeg     . . .     Spirit   .   j - +0 chain mail
rPois    .         Reflect  .   (helmet restricted)
rElec    .         Harm     .   (no cloak)
rCorr    .         Rampage  .   (no gloves)
MR       .....                  (no boots)
Stlth    ..........             (no amulet)
HPRegen  0.16/turn              (no ring)
MPRegen  0.09/turn              (no ring)

@: no status effects
A: retaliatory headbutt, horns 2
a: Berserk, Trog's Hand, Renounce Religion


You were on level 3 of the Dungeon.
You worshipped Trog.
Trog was pleased with you.
You visited 1 branch of the dungeon, and saw 3 of its levels.

You collected 88 gold pieces.

Inventory:

Hand Weapons
 a - a +0 mace
 q - a +1 vorpal flail (weapon)
Missiles
 m - 3 atropa-tipped darts (quivered)
 p - 17 poisoned darts
Armour
 b - a +0 animal skin
 j - a +0 chain mail (worn)
Jewellery
 h - a +4 ring of protection {unknown}
Scrolls
 d - 6 scrolls of identify {unknown}
 f - 2 scrolls of teleportation {unknown}
 g - a scroll of amnesia {unknown}
 l - a scroll of remove curse {unknown}
 o - a scroll of fog {unknown}
Potions
 c - a potion of curing {unknown}
 e - a potion of lignification {unknown}
 i - a potion of heal wounds {unknown}
 k - a potion of ambrosia {unknown}
 n - a potion of mutation {unknown}
 r - a potion of flight {unknown}


   Skills:
 + Level 5.0 Fighting
 + Level 5.0 Maces & Flails
 + Level 4.1 Armour
 + Level 3.8 Dodging


You had 4 spell levels left.
You didn't know any spells.
Your spell library was empty.

Dungeon Overview and Level Annotations

Branches:
Dungeon (3/15)

Altars:
Makhleb
Qazlal

Annotations:
D:3 3 runed translucent doors, dinky's ghost, weakling MiBe


Innate Abilities, Weirdness & Mutations

You reflexively headbutt those who attack you in melee.
You have a pair of horns on your head.


Message History

You headbutt the orc priest, but do no damage.
The orc priest is moderately wounded.
The goblin hits you but does no damage.
The orc wizard mumbles some strange words.
The orc wizard flickers and vanishes!
The orc priest invokes the aid of Beogh against you.
Pain shoots through your body!
You barely miss the orc priest.
The orc priest is moderately wounded.
The goblin barely misses you.
The orc priest miscasts a cantrip.
Unknown command.
You hit the orc priest but do no damage.
The orc priest is moderately wounded.
The goblin barely misses you. You furiously retaliate!
You headbutt the goblin!
You kill the goblin!
Trog accepts your kill.
The orc priest invokes the aid of Beogh against you.
Beogh smites you!
You die...

### # #.. # #.########
## #.@ogg.... .#
##########.#){..... .#
#..........#g......
.#####.#####.####.......
.......# ##...#......≈
.################≈≈≈≈≈≈≈
.### ##..#..## ≈≈≈g≈≈≈
...####.......# ###+###
......#.......# ###


You could see an orc priest and 4 goblins.

Vanquished Creatures
  A hound (D:2)
  2 orc wizards (D:3)
  A worker ant (D:2)
  4 adders
  An ooze (D:2)
  2 worms
  A dart slug (D:2)
  A leopard gecko (D:2)
  13 orcs
  4 giant cockroaches
  6 goblins
  4 hobgoblins
  4 jackals
  4 kobolds
  A quokka (D:3)
  5 bats
  4 frilled lizards
  3 rats
61 creatures vanquished.

Notes
Turn   | Place    | Note
-------+----------+-------------------------------------------
     0 | D:1      | Gezukamaru the Minotaur Berserker began the quest for the
                  | Orb.
     0 | D:1      | Reached XP level 1. HP: 19/19 MP: 0/0
   254 | D:1      | Reached XP level 2. HP: 3/27 MP: 1/1
  1270 | D:2      | Reached XP level 3. HP: 33/33 MP: 2/2
  1813 | D:2      | Reached ** piety under Trog
  1981 | D:2      | Found a burning altar of Makhleb.
  1986 | D:2      | Reached XP level 4. HP: 39/41 MP: 3/3
  2607 | D:3      | Reached XP level 5. HP: 40/47 MP: 4/4
  2684 | D:3      | Noticed dinky's ghost (weakling MiBe)
  2722 | D:3      | Found a runed translucent gate.
  2722 | D:3      | Found a runed translucent gate.
  2722 | D:3      | Found a runed translucent gate.
  2803 | D:3      | Reached skill level 5 in Maces & Flails
  2891 | D:3      | Found a stormy altar of Qazlal.
  2992 | D:3      | Reached skill level 5 in Fighting
  2995 | D:3      | Killed from afar by an orc priest

Illustrated notes

Levels and vault maps discovered:
D:1:      lemuel_arrival_behind_the_door_small, layout_basic
D:2:      layout_basic, makhleb_heckhound_becter, minmay_hexomino_u4
D:3:      layout_loops_ring, grunt_qazlal_clouds, lemuel_coloured_pillars_altar,
          lemuel_doored_altar, gammafunk_ghost_icy, kennysheep_nub,
          minmay_goblin_outpost

Skill      XL: |  1  2  3  4  5 |
---------------+----------------+-----
Fighting       | 4 5 |  5.0
Maces & Flails | 4 5 |  5.0
Armour         | 3 4 |  4.1
Dodging        | 3 |  3.8

Action                   |  1- 3 |  4- 6 || total
-------------------------+-------+-------++-------
Melee: Mace              |    80 |    55 ||   135
       Headbutt          |     7 |    14 ||    21
       Flail             |       |    16 ||    16
Throw: Dart              |     1 |       ||     1
Invok: Berserk           |       |     1 ||     1
Armor: Animal skin       |    13 |       ||    13
       Chain mail        |     9 |    48 ||    57
Dodge: Dodged            |    49 |    43 ||    92

Table legend: (Time is in decaauts)
 A = Elapsed time spent in this place.
 B = Non-inter-level travel time spent in this place.
 C = Inter-level travel time spent in this place.
 D = Time resting spent in this place.
 E = Time spent auto-exploring this place.
 F = Levels seen in this place.
 G = Mean time per level.
                   A        B        C        D        E       F      G
               +--------+--------+--------+--------+--------+-----+--------+
         Total |   3030 |   2924 |    106 |    622 |   1877 |   3 | 1010.0 |
       Dungeon |   3030 |   2924 |    106 |    622 |   1877 |   3 | 1010.0 |
               +--------+--------+--------+--------+--------+-----+--------+

Top non-repeatable levels by time:
     D:2: 1534 daAuts
     D:1: 1006 daAuts
     D:3: 489 daAuts
